Map: [ESL] Alcyone

Players

Astrea

  • Race: Protoss Protoss
  • Spawn Location: 1:00

SKillous - Winner!

  • Race: Protoss Protoss
  • League: Diamond
  • Spawn Location: 7:00

Event: IEM Katowice 2024

VOD

Have the link to the VOD?

Description

Time

  • Played on: Feb. 10, 2024, 8:06 a.m.
  • Length: 15:45

All games in this series

Show
View Real Time Build Order
Export as new Build Order

Astrea Protoss 

Build Orders: Oracle Opening 

Get SALT Encoding   

  12  0:00  Probe  
  13  0:12  Probe  
  14  0:17  Pylon  
  14  0:24  Probe (Chrono Boost)  
  15  0:35  Gateway  
  15  0:36  Probe (Chrono Boost)  
  16  0:44  Probe (Chrono Boost)  
  16  0:45  Assimilator  
  17  0:51  Probe  
  17  0:53  Assimilator  
  18  1:03  Probe (Chrono Boost)  
  19  1:06  Gateway  
  20  1:12  Probe (Chrono Boost)  
  20  1:17  Probe (Chrono Boost)  
  20  1:22  Cybernetics Core  
  21  1:29  Probe  
  22  1:34  Pylon  
  22  1:41  Probe  
  23  1:53  Probe  
  24  1:58  Warp Gate, Adept x2  
  28  2:05  Probe  
  29  2:12  Stargate  
  29  2:16  Pylon  
  29  2:21  Pylon  
  29  2:32  Stalker  
  31  2:42  Stalker  
  32  2:48  Shield Battery  
  32  2:53  Oracle (Chrono Boost)  
  35  3:10  Probe  
  34  3:23  Shield Battery  
  34  3:24  Pylon  
  34  3:26  Oracle  
  34  3:27  Probe  
  38  3:39  Probe  
  39  3:52  Probe  
  39  4:01  Twilight Council  
  39  4:02  Nexus  
  39  4:05  Probe  
  40  4:18  Probe  
  41  4:30  Probe (Chrono Boost)  
  42  4:34  Pylon  
  42  4:37  Dark Shrine  
  42  4:40  Probe (Chrono Boost)  
  42  4:41  Blink (Chrono Boost)  
  42  4:45  Probe (Chrono Boost)  
  44  4:56  Probe  
  43  5:08  Probe  
  43  5:14  Probe  
  45  5:15  Shield Battery, Stalker x2  
  45  5:21  Forge  
  49  5:23  Gateway  
  49  5:25  Probe  
  50  5:28  Probe  
  51  5:37  Probe  
  51  5:41  Probe  
  51  5:49  Dark Templar x2, Probe  
  56  6:00  Probe  
  56  6:03  Probe  
  58  6:07  Gateway  
  58  6:08  Assimilator  
  58  6:16  Probe x2  
  58  6:19  Stalker  
  58  6:21  Stalker x2  
  64  6:29  Nexus  
  64  6:34  Probe x2 (Chrono Boost)  
  64  6:38  Forge  
  66  6:46  Probe x2 (Chrono Boost)  
  68  6:51  Pylon  
  68  6:52  Probe x2 (Chrono Boost)  
  70  7:09  Probe x2  
  70  7:14  Protoss Ground Weapons Level 1 (Chrono Boost)  
  72  7:15  Stalker  
  72  7:16  Stalker x2  
  78  7:26  Pylon  
  78  7:31  Gateway  
  78  7:32  Gateway  
  78  7:45  Stalker x4  
  86  7:58  Probe x2  
  88  7:59  Probe  
  88  8:02  Robotics Facility  
  89  8:10  Stalker x4  
  95  8:38  Stalker x3  
  101  8:42  Pylon  
  101  8:43  Pylon  
  101  8:44  Nexus  
  101  8:46  Pylon  
  97  9:06  Probe x3  
  97  9:07  Stalker x6  
  97  9:08  Shield Battery x2  
  112  9:11  Observer (Chrono Boost)  
  111  9:18  Probe x2  
  111  9:20  Probe  
  111  9:22  Shield Battery  
  114  9:25  Protoss Ground Weapons Level 2 (Chrono Boost)  
  114  9:30  Gateway, Probe x2  
  116  9:31  Gateway  
  116  9:32  Probe  
  115  9:45  Pylon  
  115  9:46  Pylon  
  110  9:56  Immortal (Chrono Boost), Probe x2  
  115  10:06  Pylon  
  109  10:07  Pylon  
  109  10:08  Assimilator  
  109  10:12  Assimilator  
  109  10:17  Assimilator  
  109  10:21  Photon Cannon, Pylon  
  109  10:24  Probe  
  109  10:26  Stalker x2  
  109  10:27  Stalker x5  
  124  10:29  Shield Battery  
  124  10:44  Stalker  
  124  10:47  Nexus  
  125  10:57  Stalker x4  
  131  11:14  Pylon  
  131  11:15  Pylon  
  131  11:16  Pylon  
  130  11:20  Photon Cannon, Stalker  
  130  11:23  Stalker  
  132  11:25  Pylon  
  132  11:26  Probe  
  132  11:32  Probe x2  
  135  11:35  Stalker x6  
  135  11:36  Warp Prism  
  135  11:38  Shadow Stride  
  149  11:46  Stalker  
  149  11:47  Stalker  
  153  11:48  Protoss Ground Weapons Level 3 (Chrono Boost)  
  148  12:03  Stalker x6  
  160  12:28  Stalker x3  
  165  12:33  Pylon x2  
  165  12:35  Pylon  
  164  12:47  Pylon  
  160  12:52  Stalker x5  
  160  12:53  Stalker x3  
  174  13:08  Observer  
  174  13:09  Nexus  
  166  13:27  Immortal (Chrono Boost)  
  166  13:28  Stalker x5  
  180  13:50  Stalker x3  
  186  14:00  Stalker  
  180  14:10  Stalker x4  
  188  14:23  Stalker x4  
  178  14:39  Stalker x4  
  156  14:53  Zealot x4  
  138  15:03  Stalker x4  
  103  15:15  Stalker x4  
  87  15:27  Stalker x2  
  68  15:39  Dark Templar x2  
Show
View Real Time Build Order
Export as new Build Order

SKillous Protoss - Winner!

Build Orders:  

Get SALT Encoding   

  12  0:00  Probe  
  13  0:12  Probe  
  14  0:17  Pylon  
  14  0:24  Probe  
  15  0:35  Gateway  
  15  0:36  Probe (Chrono Boost)  
  16  0:46  Assimilator, Probe (Chrono Boost)  
  17  0:51  Probe (Chrono Boost)  
  17  0:55  Assimilator  
  18  1:03  Probe (Chrono Boost)  
  19  1:07  Gateway  
  19  1:13  Probe (Chrono Boost)  
  19  1:18  Probe (Chrono Boost)  
  20  1:24  Cybernetics Core  
  21  1:29  Probe  
  22  1:33  Pylon  
  22  1:41  Probe  
  23  1:53  Probe  
  24  1:59  Warp Gate  
  24  2:00  Stalker  
  24  2:01  Adept  
  28  2:04  Pylon  
  28  2:09  Probe  
  29  2:21  Probe  
  30  2:31  Stalker  
  30  2:33  Probe  
  30  2:36  Stalker  
  35  2:39  Shield Battery  
  34  2:47  Probe  
  34  2:49  Shield Battery  
  35  2:59  Probe  
  36  3:09  Shield Battery  
  36  3:19  Probe  
  36  3:31  Nexus, Probe  
  36  3:33  Twilight Council  
  37  3:43  Probe  
  38  3:53  Stalker  
  38  3:55  Probe  
  38  3:56  Pylon  
  38  4:00  Blink (Chrono Boost)  
  39  4:14  Probe  
  39  4:16  Stalker  
  42  4:19  Stalker  
  43  4:28  Robotics Facility  
  43  4:29  Probe  
  44  4:39  Stalker  
  44  4:41  Probe  
  48  4:45  Probe  
  48  4:47  Stalker  
  50  4:53  Probe  
  51  5:02  Probe  
  51  5:06  Probe  
  49  5:10  Stalker  
  51  5:15  Stalker  
  51  5:16  Probe (Chrono Boost)  
  51  5:17  Observer  
  51  5:20  Probe (Chrono Boost)  
  57  5:28  Probe (Chrono Boost)  
  57  5:33  Stalker  
  57  5:34  Probe (Chrono Boost), Pylon  
  60  5:36  Probe (Chrono Boost)  
  60  5:39  Observer  
  62  5:49  Nexus  
  62  6:05  Stalker x2  
  62  6:06  Probe x2  
  62  6:10  Observer  
  69  6:11  Forge  
  69  6:18  Probe  
  70  6:22  Pylon  
  70  6:25  Forge  
  70  6:30  Assimilator  
  70  6:32  Pylon  
  70  6:37  Protoss Ground Weapons Level 1 (Chrono Boost)  
  70  6:40  Probe x2 (Chrono Boost)  
  70  6:41  Shield Battery  
  70  6:42  Stalker x2  
  76  6:53  Photon Cannon, Probe x2 (Chrono Boost)  
  78  6:59  Charge  
  78  7:00  Probe x2 (Chrono Boost)  
  80  7:04  Gateway x2, Probe (Chrono Boost)  
  80  7:07  Probe x2  
  82  7:11  Stalker  
  82  7:14  Stalker  
  82  7:15  Probe  
  88  7:20  Probe  
  88  7:21  Pylon  
  89  7:28  Gateway  
  89  7:32  Gateway  
  89  7:35  Probe  
  89  7:36  Stalker  
  90  7:37  Stalker  
  90  7:41  Probe  
  90  7:42  Observer  
  89  7:49  Gateway  
  89  7:50  Gateway  
  89  7:54  Probe  
  90  8:04  Photon Cannon  
  90  8:05  Nexus  
  90  8:06  Stalker  
  90  8:09  Stalker  
  94  8:13  Pylon  
  94  8:17  Stalker  
  94  8:18  Stalker  
  94  8:19  Protoss Ground Weapons Level 2 (Chrono Boost)  
  96  8:30  Pylon, Probe x3  
  96  8:33  Stalker  
  101  8:43  Warp Prism (Chrono Boost), Stalker x3  
  109  8:49  Probe x2  
  109  8:52  Stalker  
  107  9:03  Stalker x3  
  107  9:08  Photon Cannon  
  114  9:10  Probe  
  114  9:12  Probe x2  
  116  9:19  Stalker x2  
  116  9:22  Probe  
  121  9:24  Probe  
  122  9:33  Stalker x4  
  129  9:43  Observer  
  127  9:46  Stalker x2  
  127  9:52  Pylon  
  129  9:53  Pylon  
  129  9:59  Stalker  
  131  10:07  Pylon  
  131  10:12  Stalker x5  
  139  10:14  Zealot x2  
  139  10:15  Probe  
  144  10:25  Nexus, Probe  
  144  10:26  Pylon  
  144  10:28  Zealot  
  147  10:33  Pylon  
  147  10:35  Zealot x4  
  151  10:37  Observer  
  156  10:44  Pylon  
  156  10:45  Probe  
  153  10:57  Probe  
  153  10:59  Observer  
  155  11:08  Zealot, Stalker x6  
  155  11:09  Zealot  
  165  11:12  Assimilator  
  165  11:16  Gateway  
  165  11:17  Assimilator, Probe x2  
  165  11:18  Gateway, Probe, Pylon  
  163  11:19  Gateway  
  163  11:20  Gateway  
  163  11:21  Observer (Chrono Boost)  
  163  11:30  Photon Cannon  
  163  11:31  Protoss Ground Weapons Level 3 (Chrono Boost)  
  163  11:32  Photon Cannon  
  161  11:33  Photon Cannon  
  161  11:35  Shield Battery  
  161  11:36  Shield Battery  
  161  11:38  Photon Cannon  
  161  11:39  Warp Prism (Chrono Boost)  
  163  11:48  Forge  
  163  11:55  Stalker x4  
  171  12:05  Stalker x3  
  174  12:23  Stalker x4  
  181  12:31  Protoss Ground Armor Level 1 (Chrono Boost)  
  181  12:34  Gateway  
  181  12:36  Gateway  
  179  12:40  Gateway  
  179  12:41  Nexus  
  179  12:42  Gateway, Pylon  
  179  12:44  Stalker x4  
  181  12:52  Stalker x2  
  177  13:00  Stalker x2  
  177  13:03  Zealot x4  
  185  13:09  Assimilator  
  184  13:15  Stalker x4  
  184  13:17  Zealot x2  
  185  13:31  Stalker x4  
  187  13:41  Stalker x2  
  187  13:46  Zealot x7  
  191  14:04  Stalker x3  
  191  14:07  Zealot x2  
  197  14:15  Stalker x3  
  167  14:25  Zealot x8  
  167  14:27  Zealot x5  
  167  14:29  Observer  
  181  14:43  Stalker x3  
  183  14:47  Zealot x6  
  183  14:49  Zealot  
  163  14:57  Zealot x3  
  163  14:58  Zealot  
  143  15:06  Zealot x2  
  129  15:08  Stalker  
  129  15:09  Stalker  
  129  15:12  Stalker x2  
  123  15:19  Zealot x3  
  115  15:24  Zealot x3  
  111  15:32  Stalker x3  
  113  15:38  Stalker x2  

Tags
 
Add a new tag
Caveats
  • Supply blocks, unpowered buildings, or Contaminate may cause inaccurate times.
  • Supply counts are checked every 10 seconds.